Connexion

NEW JERSEY Devils vs PITTSBURGH Penguins (R4)

Created - 18 février 2024 at 09:24

Goals
1 2 3 OT1 T
NEW JERSEY Devils 2 2 0 0 4
PITTSBURGH Penguins 2 2 0 1 5
Shots
1 2 3 OT1 T
NEW JERSEY Devils 10 9 6 1 26
PITTSBURGH Penguins 7 11 11 1 30

GoalsPenalties
1st period
1. PITTSBURGH Penguins , Jake Gardiner 12 (Oliver Bjorkstrand 33, Connor McDavid 33) at 0:39
2. NEW JERSEY Devils , Charlie Coyle 18 (Shayne Gostisbehere 48, Jaccob Slavin 45) at 5:32
3. NEW JERSEY Devils , Max Domi 28 (Anton Lundell 35, Jaccob Slavin 46) at 6:56 (PP)
4. PITTSBURGH Penguins , Andrei Svechnikov 12 (Gustav Nyquist 28, Anton Lindholm 36) at 11:37
Brad Marchand (PIT) for Hooking (Minor) at 6:22
Jake Gardiner (PIT) for Holding (Minor) at 7:53
Jonathan Quick (PIT) for Delaying the game (Minor) at 13:26 - Adam Larsson served the penalty.
Jack Johnson (N.J) for Hooking (Minor) at 19:40
2nd period
5. PITTSBURGH Penguins , Andrei Svechnikov 13 (Anton Lindholm 37, Gustav Nyquist 29) at 3:25
6. NEW JERSEY Devils , Anton Lundell 20 (Max Domi 25, Charlie Coyle 22) at 7:26
7. PITTSBURGH Penguins , Connor McDavid 29 (Jake Gardiner 44, Will Butcher 44) at 15:11 (PP)
8. NEW JERSEY Devils , Charlie Coyle 19 (Max Domi 26, Anton Lundell 36) at 19:25
Jake Gardiner (PIT) for Tripping (Minor) at 3:32
Kevin Connauton (PIT) for Roughing (Minor) at 8:14
Max Domi (N.J) for Interference (Minor) at 13:57
Jordan Harris (N.J) for Holding (Minor) at 17:11
3rd period
No Goal
Erik Johnson (N.J) for Slashing (Minor) at 1:59
Adam Larsson (PIT) for Fighting (Major) at 7:50
Cody Glass (N.J) for Fighting (Major) at 7:50
Overtime #1
9. PITTSBURGH Penguins , Alexander Barabanov 11 (Jake Gardiner 45) at 1:19
No Penalty
Goalie Stats
Tristan Jarry (N.J), 25 saves from 30 shots - (0,833), OTL, 20-21-4, 61:20 minutes
Jonathan Quick (PIT), 22 saves from 26 shots - (0,846), W, 5-6-0, 61:20 minutes
3 StarsOfficial
1 - Charlie Coyle (N.J)
2 - Andrei Svechnikov (PIT)
3 - Anton Lundell (N.J)
Referees : Ian Walsh and Dan O'Rourke
Linesman : Steve Miller and Steve Barton
Game Note
Adam Larsson and Cody Glass fight to a draw at 7:50 of 3rd period
Finance
Level 1 -- Attendance: 4918 (81,97%) -- Ticket Income $703,274
Level 2 -- Attendance: 4696 (87,17%) -- Ticket Income $422,640
Level 3 -- Attendance: 1924 (96,20%) -- Ticket Income $101,972
Level 4 -- Attendance: 3611 (90,28%) -- Ticket Income $126,385
Luxury Box -- Attendance: 937 (93,70%) -- Ticket Income $281,100
Game was played at the Consol Energy Center.
Total Attendance: 16086 (87,49%)
Total Ticket Income: $1,635,371
Other Income: $327,074
Total Income: $1,962,445



Team Name Goals Shots Shots Attemp Shots Blocked PIM HIT PP PK FO%
NEW JERSEY Devils 426511313171 / 5 (20%)149%
PITTSBURGH Penguins 53068815281 / 4 (25%)151%

NEW JERSEY Devils
Player Name POS G A P +/- PIM HIT SHT SB MP PP MP PP SHT PK MP PK SHT FO% FOT
Anton LundellC1232014020:464:4910:00043% 21
Brett KulakD000-1000115:200:0002:5500% 0
Charlie CoyleC/RW2132022019:594:0200:000100% 1
Christian DvorakC/LW000-1000011:430:0005:15035% 17
Cody GlassC0000501110:550:0001:02050% 14
Daniel SprongLW/RW0000013113:490:0001:140100% 1
Erik JohnsonD0000232013:070:0000:5100% 0
Jaccob SlavinD022-2002324:334:2814:1600% 0
Jack JohnsonD0002220216:370:0000:2500% 0
Jordan HarrisD0002201222:084:0201:5400% 0
Kirby DachC/RW0000021015:043:4100:000100% 1
Max DomiC/LW1232214020:454:4920:000100% 1
Nail YakupovRW000001005:500:0000:0000% 0
Roope HintzC/LW000-2010114:503:4100:000100% 1
Sean KuralyC/LW000001005:500:0000:0000% 0
Shayne GostisbehereD011-2020225:304:2804:0100% 0
Trevor ZegrasC000-2005017:553:4111:36055% 22
Troy TerryC/RW000-3001022:034:4905:15050% 4
PITTSBURGH Penguins
Player Name POS G A P +/- PIM HIT SHT SB MP PP MP PP SHT PK MP PK SHT FO% FOT
Adam LarssonD0001540222:014:1904:0800% 0
Alexander BarabanovLW/RW101-1002014:000:0000:00050% 2
Andrei SvechnikovLW/RW2022028019:154:1910:29050% 2
Anton LindholmD0221000024:444:1904:4700% 0
Brad MarchandLW/RW0000282023:242:5204:25075% 4
Connor McDavidC1120011024:062:5215:06055% 29
Gustav NyquistC/LW/RW0222000020:044:1903:13050% 8
Jake GardinerD1232443122:582:5221:4000% 0
Justin KloosC/RW000100102:110:0000:00050% 2
Kevin ConnautonD000-2200110:570:0000:0000% 0
Matthew NietoLW/RW000000001:380:0000:3400% 0
Milan LucicLW000001001:550:0000:0000% 0
Oliver Bjorkstrand LW/RW0110017022:132:5243:1300% 2
Ross ColtonC000-2022014:480:0000:00050% 12
Trevor CarrickD000-2030215:040:0002:5200% 0
Vitali KravtsovRW000-2001113:440:0000:00050% 2
Will ButcherD0111022125:322:5223:3300% 0
William NylanderC/RW0002001016:514:1900:00045% 20



Play-by-Play

1st period


0:01 of 1st period - Anton Lundell wins face-off versus Connor McDavid in neutral zone.
0:16 of 1st period - Charlie Coyle is hit by Brad Marchand and loses puck.
0:35 of 1st period - Shot by Connor McDavid.
0:35 of 1st period - Shot Misses the Net.
0:37 of 1st period - Shot by Oliver Bjorkstrand .
0:37 of 1st period - Shot Blocked by Jaccob Slavin.
0:39 of 1st period - Shot by Jake Gardiner.
0:39 of 1st period - Goal by Jake Gardiner - NEW JERSEY Devils : 0 - PITTSBURGH Penguins : 1.
0:40 of 1st period - William Nylander wins face-off versus Trevor Zegras in neutral zone.
0:51 of 1st period - Shot by Troy Terry.
0:51 of 1st period - Stopped by Jonathan Quick without a rebound.
0:52 of 1st period - Ross Colton wins face-off versus Cody Glass in PITTSBURGH Penguins zone.
1:19 of 1st period - Shot by Daniel Sprong.
1:19 of 1st period - Shot Misses the Net.
1:21 of 1st period - Shot by Cody Glass.
1:21 of 1st period - Stopped by Jonathan Quick without a rebound.
1:22 of 1st period - William Nylander wins face-off versus Trevor Zegras in PITTSBURGH Penguins zone.
1:28 of 1st period - Icing by Anton Lindholm.
1:29 of 1st period - Christian Dvorak wins face-off versus William Nylander in PITTSBURGH Penguins zone.
1:29 of 1st period - Christian Dvorak is hit by Adam Larsson.
1:39 of 1st period - Shot by William Nylander.
1:39 of 1st period - Stopped by Tristan Jarry without a rebound.
1:40 of 1st period - Trevor Zegras wins face-off versus Justin Kloos in NEW JERSEY Devils zone.
2:00 of 1st period - Trevor Zegras is hit by Will Butcher and loses puck.
2:20 of 1st period - Troy Terry is hit by Jake Gardiner and loses puck.
2:30 of 1st period - Jake Gardiner is hit by Jack Johnson and loses puck.
2:55 of 1st period - Shot by Brad Marchand.
2:55 of 1st period - Shot Misses the Net.
3:09 of 1st period - Jaccob Slavin is hit by Brad Marchand and loses puck.
3:21 of 1st period - Shot by Jaccob Slavin.
3:21 of 1st period - Shot Misses the Net.
3:39 of 1st period - Shot by Cody Glass.
3:39 of 1st period - Shot Misses the Net.
3:41 of 1st period - Shot by Kirby Dach.
3:41 of 1st period - Shot Misses the Net.
3:43 of 1st period - Shot by Erik Johnson.
3:43 of 1st period - Stopped by Jonathan Quick with a rebound.
3:45 of 1st period - Shot by Brett Kulak.
3:45 of 1st period - Shot Blocked by Adam Larsson.
4:13 of 1st period - Shot by Daniel Sprong.
4:13 of 1st period - Stopped by Jonathan Quick without a rebound.
4:14 of 1st period - Christian Dvorak wins face-off versus William Nylander in PITTSBURGH Penguins zone.
4:39 of 1st period - Icing by Nail Yakupov.
4:40 of 1st period - Ross Colton wins face-off versus Christian Dvorak in NEW JERSEY Devils zone.
5:01 of 1st period - Shot by Sean Kuraly.
5:01 of 1st period - Shot Blocked by Trevor Carrick.
5:32 of 1st period - Shot by Charlie Coyle.
5:32 of 1st period - Goal by Charlie Coyle - NEW JERSEY Devils : 1 - PITTSBURGH Penguins : 1.
5:33 of 1st period - William Nylander wins face-off versus Trevor Zegras in neutral zone.
6:22 of 1st period - Minor Penalty to Brad Marchand for Hooking.
6:23 of 1st period - Anton Lundell wins face-off versus Connor McDavid in PITTSBURGH Penguins zone.
6:24 of 1st period - Shot by Jaccob Slavin.
6:24 of 1st period - Shot Blocked by Adam Larsson.
6:54 of 1st period - Shot by Jaccob Slavin.
6:54 of 1st period - Shot Misses the Net.
6:56 of 1st period - Shot by Anton Lundell.
6:56 of 1st period - Deflect By Max Domi.
6:56 of 1st period - Goal by Max Domi - NEW JERSEY Devils : 2 - PITTSBURGH Penguins : 1.
6:57 of 1st period - Cody Glass wins face-off versus Ross Colton in neutral zone.
7:24 of 1st period - Shot by Ross Colton.
7:24 of 1st period - Stopped by Tristan Jarry without a rebound.
7:25 of 1st period - Christian Dvorak wins face-off versus William Nylander in NEW JERSEY Devils zone.
7:53 of 1st period - Minor Penalty to Jake Gardiner for Holding.
7:54 of 1st period - Connor McDavid wins face-off versus Trevor Zegras in PITTSBURGH Penguins zone.
8:00 of 1st period - Icing by Charlie Coyle.
8:01 of 1st period - Trevor Zegras wins face-off versus Connor McDavid in NEW JERSEY Devils zone.
8:01 of 1st period - Trevor Zegras is hit by Brad Marchand.
8:33 of 1st period - Shot by Kirby Dach.
8:33 of 1st period - Shot Misses the Net.
8:35 of 1st period - Shot by Trevor Zegras.
8:35 of 1st period - Shot Misses the Net.
8:37 of 1st period - Shot by Trevor Zegras.
8:37 of 1st period - Stopped by Jonathan Quick without a rebound.
8:38 of 1st period - Anton Lundell wins face-off versus Gustav Nyquist in PITTSBURGH Penguins zone.
8:39 of 1st period - Shot by Troy Terry.
8:39 of 1st period - Shot Blocked by Trevor Carrick.
9:12 of 1st period - Icing by Shayne Gostisbehere.
9:13 of 1st period - Anton Lundell wins face-off versus Gustav Nyquist in NEW JERSEY Devils zone.
9:45 of 1st period - Will Butcher is hit by Kirby Dach and loses puck.
10:13 of 1st period - Shot by Vitali Kravtsov.
10:13 of 1st period - Stopped by Tristan Jarry without a rebound.
10:14 of 1st period - Cody Glass wins face-off versus William Nylander in NEW JERSEY Devils zone.
10:27 of 1st period - Shot by Kirby Dach.
10:27 of 1st period - Shot Hit the Post.
10:35 of 1st period - Shot by Jordan Harris.
10:35 of 1st period - Stopped by Jonathan Quick without a rebound.
10:36 of 1st period - Connor McDavid wins face-off versus Trevor Zegras in PITTSBURGH Penguins zone.
11:05 of 1st period - Shot by Brad Marchand.
11:05 of 1st period - Shot Misses the Net.
11:17 of 1st period - Shot by Brad Marchand.
11:17 of 1st period - Shot Blocked by Roope Hintz.
11:37 of 1st period - Shot by Andrei Svechnikov.
11:37 of 1st period - Goal by Andrei Svechnikov - NEW JERSEY Devils : 2 - PITTSBURGH Penguins : 2.
11:38 of 1st period - Vitali Kravtsov wins face-off versus Anton Lundell in neutral zone.
11:41 of 1st period - Shot by Ross Colton.
11:41 of 1st period - Deflect By Vitali Kravtsov.
11:41 of 1st period - Shot Blocked by Jack Johnson.
11:44 of 1st period - Icing by Max Domi.
11:45 of 1st period - Anton Lundell wins face-off versus Gustav Nyquist in NEW JERSEY Devils zone.
12:09 of 1st period - Icing by Andrei Svechnikov.
12:10 of 1st period - William Nylander wins face-off versus Cody Glass in PITTSBURGH Penguins zone.
12:26 of 1st period - Icing by Brett Kulak.
12:27 of 1st period - Cody Glass wins face-off versus Connor McDavid in NEW JERSEY Devils zone.
12:27 of 1st period - Daniel Sprong is hit by Connor McDavid and loses puck.
12:40 of 1st period - Shot by Kirby Dach.
12:40 of 1st period - Shot Blocked by Will Butcher.
12:42 of 1st period - Shot by Erik Johnson.
12:42 of 1st period - Stopped by Jonathan Quick with a rebound.
12:46 of 1st period - Shot by Cody Glass.
12:46 of 1st period - Deflect By Daniel Sprong.
12:46 of 1st period - Shot Misses the Net.
12:55 of 1st period - Cody Glass is hit by Jake Gardiner and loses puck.
13:26 of 1st period - Shot by Max Domi.
13:26 of 1st period - Stopped by Jonathan Quick without a rebound.
13:26 of 1st period - Minor Penalty to Jonathan Quick for Delaying the game.
13:27 of 1st period - Connor McDavid wins face-off versus Anton Lundell in PITTSBURGH Penguins zone.
14:28 of 1st period - Icing by Trevor Zegras.
14:29 of 1st period - Trevor Zegras wins face-off versus Gustav Nyquist in NEW JERSEY Devils zone.
14:29 of 1st period - Trevor Zegras is hit by Oliver Bjorkstrand .
14:44 of 1st period - Shot by Charlie Coyle.
14:44 of 1st period - Shot Blocked by Jake Gardiner.
15:34 of 1st period - Erik Johnson is hit by Ross Colton and loses puck.
15:54 of 1st period - Icing by Ross Colton.
15:55 of 1st period - Cody Glass wins face-off versus Ross Colton in PITTSBURGH Penguins zone.
16:04 of 1st period - Shot by Ross Colton.
16:04 of 1st period - Shot Misses the Net.
16:06 of 1st period - Shot by Adam Larsson.
16:06 of 1st period - Shot Misses the Net.
16:48 of 1st period - Shot by William Nylander.
16:48 of 1st period - Deflect By Andrei Svechnikov.
16:48 of 1st period - Stopped by Tristan Jarry without a rebound.
16:49 of 1st period - Brad Marchand wins face-off versus Trevor Zegras in NEW JERSEY Devils zone.
17:22 of 1st period - Trevor Zegras is hit by Brad Marchand and loses puck.
18:11 of 1st period - Shot by Andrei Svechnikov.
18:11 of 1st period - Shot Misses the Net.
18:59 of 1st period - Shot by Alexander Barabanov.
18:59 of 1st period - Shot Blocked by Jordan Harris.
19:01 of 1st period - Shot by Trevor Carrick.
19:01 of 1st period - Shot Blocked by Jordan Harris.
19:03 of 1st period - Shot by Alexander Barabanov.
19:03 of 1st period - Shot Misses the Net.
19:08 of 1st period - Vitali Kravtsov is hit by Jack Johnson and loses puck.
19:40 of 1st period - Shot by Brad Marchand.
19:40 of 1st period - Stopped by Tristan Jarry without a rebound.
19:40 of 1st period - Minor Penalty to Jack Johnson for Hooking.
19:41 of 1st period - Andrei Svechnikov wins face-off versus Troy Terry in NEW JERSEY Devils zone.
19:43 of 1st period - Gustav Nyquist is hit by Shayne Gostisbehere and loses puck.
Goals for this period are 2 for NEW JERSEY Devils vs 2 for PITTSBURGH Penguins.
Shots for this period are 10 for NEW JERSEY Devils vs 7 for PITTSBURGH Penguins.

2nd period


0:01 of 2nd period - Connor McDavid wins face-off versus Christian Dvorak in neutral zone.
0:08 of 2nd period - Shot by Oliver Bjorkstrand .
0:08 of 2nd period - Stopped by Tristan Jarry without a rebound.
0:09 of 2nd period - Connor McDavid wins face-off versus Christian Dvorak in NEW JERSEY Devils zone.
0:14 of 2nd period - Shot by Brad Marchand.
0:14 of 2nd period - Deflect By Connor McDavid.
0:14 of 2nd period - Shot Misses the Net.
0:41 of 2nd period - Off-side.
0:42 of 2nd period - Gustav Nyquist wins face-off versus Christian Dvorak in neutral zone.
1:19 of 2nd period - Shot by Gustav Nyquist.
1:19 of 2nd period - Shot Misses the Net.
1:27 of 2nd period - Shot by Gustav Nyquist.
1:27 of 2nd period - Shot Blocked by Daniel Sprong.
2:57 of 2nd period - Shot by Daniel Sprong.
2:57 of 2nd period - Stopped by Jonathan Quick without a rebound.
2:58 of 2nd period - Trevor Zegras wins face-off versus William Nylander in PITTSBURGH Penguins zone.
3:18 of 2nd period - Anton Lindholm is hit by Shayne Gostisbehere and loses puck.
3:21 of 2nd period - Shot by Andrei Svechnikov.
3:21 of 2nd period - Deflect By William Nylander.
3:21 of 2nd period - Shot Misses the Net.
3:23 of 2nd period - Shot by Gustav Nyquist.
3:23 of 2nd period - Shot Blocked by Jaccob Slavin.
3:25 of 2nd period - Shot by Anton Lindholm.
3:25 of 2nd period - Deflect By Andrei Svechnikov.
3:25 of 2nd period - Goal by Andrei Svechnikov - NEW JERSEY Devils : 2 - PITTSBURGH Penguins : 3.
3:26 of 2nd period - Cody Glass wins face-off versus Connor McDavid in neutral zone.
3:32 of 2nd period - Minor Penalty to Jake Gardiner for Tripping.
3:33 of 2nd period - Trevor Zegras wins face-off versus Connor McDavid in PITTSBURGH Penguins zone.
3:52 of 2nd period - Shot by Kirby Dach.
3:52 of 2nd period - Shot Misses the Net.
4:16 of 2nd period - Gustav Nyquist is hit by Roope Hintz and loses puck.
4:45 of 2nd period - Shot by Charlie Coyle.
4:45 of 2nd period - Shot Misses the Net.
5:10 of 2nd period - Icing by Charlie Coyle.
5:11 of 2nd period - Gustav Nyquist wins face-off versus Anton Lundell in NEW JERSEY Devils zone.
5:43 of 2nd period - Shot by Andrei Svechnikov.
5:43 of 2nd period - Stopped by Tristan Jarry without a rebound.
5:44 of 2nd period - Ross Colton wins face-off versus Christian Dvorak in NEW JERSEY Devils zone.
5:44 of 2nd period - Ross Colton is hit by Erik Johnson.
6:15 of 2nd period - Christian Dvorak is hit by Jake Gardiner.
6:26 of 2nd period - Sean Kuraly is hit by Will Butcher and loses puck.
7:07 of 2nd period - Shot by Jaccob Slavin.
7:07 of 2nd period - Stopped by Jonathan Quick without a rebound.
7:08 of 2nd period - Connor McDavid wins face-off versus Anton Lundell in PITTSBURGH Penguins zone.
7:12 of 2nd period - Off-side.
7:13 of 2nd period - Anton Lundell wins face-off versus Connor McDavid in neutral zone.
7:16 of 2nd period - Shot by Anton Lundell.
7:16 of 2nd period - Shot Misses the Net.
7:26 of 2nd period - Shot by Anton Lundell.
7:26 of 2nd period - Goal by Anton Lundell - NEW JERSEY Devils : 3 - PITTSBURGH Penguins : 3.
7:27 of 2nd period - Trevor Zegras wins face-off versus Andrei Svechnikov in neutral zone.
7:44 of 2nd period - Shot by Trevor Zegras.
7:44 of 2nd period - Stopped by Jonathan Quick without a rebound.
7:45 of 2nd period - Connor McDavid wins face-off versus Anton Lundell in PITTSBURGH Penguins zone.
8:04 of 2nd period - Shot by Oliver Bjorkstrand .
8:04 of 2nd period - Stopped by Tristan Jarry without a rebound.
8:05 of 2nd period - Troy Terry wins face-off versus William Nylander in NEW JERSEY Devils zone.
8:05 of 2nd period - Troy Terry is hit by Andrei Svechnikov.
8:14 of 2nd period - Minor Penalty to Kevin Connauton for Roughing.
8:15 of 2nd period - Connor McDavid wins face-off versus Anton Lundell in PITTSBURGH Penguins zone.
8:29 of 2nd period - Off-side.
8:30 of 2nd period - Trevor Zegras wins face-off versus Connor McDavid in neutral zone.
9:41 of 2nd period - Shot by Jaccob Slavin.
9:41 of 2nd period - Stopped by Jonathan Quick with a rebound.
9:43 of 2nd period - Shot by Max Domi.
9:43 of 2nd period - Stopped by Jonathan Quick without a rebound.
9:44 of 2nd period - Brad Marchand wins face-off versus Anton Lundell in PITTSBURGH Penguins zone.
10:07 of 2nd period - Shot by Anton Lundell.
10:07 of 2nd period - Stopped by Jonathan Quick without a rebound.
10:08 of 2nd period - Connor McDavid wins face-off versus Trevor Zegras in PITTSBURGH Penguins zone.
10:27 of 2nd period - Shot by Justin Kloos.
10:27 of 2nd period - Stopped by Tristan Jarry without a rebound.
10:28 of 2nd period - Cody Glass wins face-off versus Ross Colton in NEW JERSEY Devils zone.
10:41 of 2nd period - Jordan Harris is hit by Adam Larsson and loses puck.
10:46 of 2nd period - Shot by Cody Glass.
10:46 of 2nd period - Shot Misses the Net.
10:48 of 2nd period - Shot by Cody Glass.
10:48 of 2nd period - Shot Misses the Net.
10:56 of 2nd period - Vitali Kravtsov is hit by Kirby Dach and loses puck.
12:15 of 2nd period - Shot by Brad Marchand.
12:15 of 2nd period - Stopped by Tristan Jarry without a rebound.
12:16 of 2nd period - Gustav Nyquist wins face-off versus Trevor Zegras in NEW JERSEY Devils zone.
12:17 of 2nd period - Shot by Andrei Svechnikov.
12:17 of 2nd period - Stopped by Tristan Jarry without a rebound.
12:18 of 2nd period - Connor McDavid wins face-off versus Trevor Zegras in NEW JERSEY Devils zone.
12:27 of 2nd period - Shot by Oliver Bjorkstrand .
12:27 of 2nd period - Stopped by Tristan Jarry without a rebound.
12:28 of 2nd period - Trevor Zegras wins face-off versus Connor McDavid in NEW JERSEY Devils zone.
12:28 of 2nd period - Roope Hintz is hit by Brad Marchand and loses puck.
12:34 of 2nd period - Icing by Jordan Harris.
12:35 of 2nd period - Trevor Zegras wins face-off versus Brad Marchand in NEW JERSEY Devils zone.
12:35 of 2nd period - Troy Terry is hit by Brad Marchand and loses puck.
13:25 of 2nd period - Icing by Will Butcher.
13:26 of 2nd period - Charlie Coyle wins face-off versus Oliver Bjorkstrand in PITTSBURGH Penguins zone.
13:38 of 2nd period - Max Domi is hit by Jake Gardiner and loses puck.
13:46 of 2nd period - Brad Marchand is hit by Max Domi.
13:57 of 2nd period - Minor Penalty to Max Domi for Interference.
13:58 of 2nd period - William Nylander wins face-off versus Christian Dvorak in NEW JERSEY Devils zone.
15:03 of 2nd period - Shot by Oliver Bjorkstrand .
15:03 of 2nd period - Stopped by Tristan Jarry without a rebound.
15:04 of 2nd period - Connor McDavid wins face-off versus Christian Dvorak in NEW JERSEY Devils zone.
15:11 of 2nd period - Shot by Connor McDavid.
15:11 of 2nd period - Goal by Connor McDavid - NEW JERSEY Devils : 3 - PITTSBURGH Penguins : 4.
15:12 of 2nd period - Anton Lundell wins face-off versus Ross Colton in neutral zone.
15:20 of 2nd period - Shot by Charlie Coyle.
15:20 of 2nd period - Shot Blocked by Kevin Connauton.
15:32 of 2nd period - Shot by Anton Lundell.
15:32 of 2nd period - Shot Blocked by Vitali Kravtsov.
15:51 of 2nd period - Shot by Anton Lundell.
15:51 of 2nd period - Stopped by Jonathan Quick without a rebound.
15:52 of 2nd period - Daniel Sprong wins face-off versus Connor McDavid in PITTSBURGH Penguins zone.
16:44 of 2nd period - Icing by Daniel Sprong.
16:45 of 2nd period - Cody Glass wins face-off versus William Nylander in NEW JERSEY Devils zone.
17:11 of 2nd period - Minor Penalty to Jordan Harris for Holding.
17:12 of 2nd period - Brad Marchand wins face-off versus Christian Dvorak in NEW JERSEY Devils zone.
17:12 of 2nd period - Brad Marchand is hit by Erik Johnson.
17:30 of 2nd period - Shot by Oliver Bjorkstrand .
17:30 of 2nd period - Shot Misses the Net.
17:37 of 2nd period - Connor McDavid is hit by Erik Johnson and loses puck.
17:40 of 2nd period - Shot by Oliver Bjorkstrand .
17:40 of 2nd period - Stopped by Tristan Jarry with a rebound.
19:25 of 2nd period - Shot by Charlie Coyle.
19:25 of 2nd period - Goal by Charlie Coyle - NEW JERSEY Devils : 4 - PITTSBURGH Penguins : 4.
19:26 of 2nd period - Kirby Dach wins face-off versus Alexander Barabanov in neutral zone.
19:28 of 2nd period - Off-side.
19:29 of 2nd period - Ross Colton wins face-off versus Anton Lundell in neutral zone.
19:34 of 2nd period - Kevin Connauton is hit by Charlie Coyle and loses puck.
19:44 of 2nd period - Shot by Vitali Kravtsov.
19:44 of 2nd period - Shot Misses the Net.
19:54 of 2nd period - Shot by Ross Colton.
19:54 of 2nd period - Shot Misses the Net.
Goals for this period are 2 for NEW JERSEY Devils vs 2 for PITTSBURGH Penguins.
Shots for this period are 9 for NEW JERSEY Devils vs 11 for PITTSBURGH Penguins.

3rd period


0:01 of 3rd period - Connor McDavid wins face-off versus Anton Lundell in neutral zone.
0:18 of 3rd period - Shot by Oliver Bjorkstrand .
0:18 of 3rd period - Stopped by Tristan Jarry without a rebound.
0:19 of 3rd period - William Nylander wins face-off versus Trevor Zegras in NEW JERSEY Devils zone.
0:20 of 3rd period - Shot by Andrei Svechnikov.
0:20 of 3rd period - Stopped by Tristan Jarry with a rebound.
0:28 of 3rd period - Shot by Troy Terry.
0:28 of 3rd period - Deflect By Trevor Zegras.
0:28 of 3rd period - Stopped by Jonathan Quick without a rebound.
0:29 of 3rd period - Anton Lundell wins face-off versus Connor McDavid in PITTSBURGH Penguins zone.
1:09 of 3rd period - Will Butcher is hit by Anton Lundell and loses puck.
1:37 of 3rd period - Off-side.
1:38 of 3rd period - Ross Colton wins face-off versus Cody Glass in neutral zone.
1:59 of 3rd period - Minor Penalty to Erik Johnson for Slashing.
2:00 of 3rd period - Christian Dvorak wins face-off versus William Nylander in NEW JERSEY Devils zone.
2:29 of 3rd period - Shot by Andrei Svechnikov.
2:29 of 3rd period - Stopped by Tristan Jarry without a rebound.
2:30 of 3rd period - Connor McDavid wins face-off versus Christian Dvorak in NEW JERSEY Devils zone.
2:35 of 3rd period - Shot by Jake Gardiner.
2:35 of 3rd period - Stopped by Tristan Jarry without a rebound.
2:36 of 3rd period - Troy Terry wins face-off versus Oliver Bjorkstrand in NEW JERSEY Devils zone.
2:43 of 3rd period - Shot by Oliver Bjorkstrand .
2:43 of 3rd period - Stopped by Tristan Jarry with a rebound.
2:47 of 3rd period - Shot by Jake Gardiner.
2:47 of 3rd period - Shot Blocked by Shayne Gostisbehere.
2:49 of 3rd period - Shot by Jake Gardiner.
2:49 of 3rd period - Shot Misses the Net.
2:51 of 3rd period - Shot by Oliver Bjorkstrand .
2:51 of 3rd period - Shot Misses the Net.
2:59 of 3rd period - Shot by Will Butcher.
2:59 of 3rd period - Shot Blocked by Jaccob Slavin.
3:07 of 3rd period - Shot by Will Butcher.
3:07 of 3rd period - Stopped by Tristan Jarry with a rebound.
3:09 of 3rd period - Shot by Jake Gardiner.
3:09 of 3rd period - Stopped by Tristan Jarry with a rebound.
3:11 of 3rd period - Shot by Oliver Bjorkstrand .
3:11 of 3rd period - Shot Misses the Net.
3:13 of 3rd period - Shot by Will Butcher.
3:13 of 3rd period - Stopped by Tristan Jarry without a rebound.
3:14 of 3rd period - Gustav Nyquist wins face-off versus Cody Glass in NEW JERSEY Devils zone.
3:17 of 3rd period - Shot by Gustav Nyquist.
3:17 of 3rd period - Shot Blocked by Brett Kulak.
3:49 of 3rd period - Shot by Anton Lindholm.
3:49 of 3rd period - Shot Blocked by Shayne Gostisbehere.
4:21 of 3rd period - Max Domi is hit by Trevor Carrick and loses puck.
4:30 of 3rd period - Icing by Jack Johnson.
4:31 of 3rd period - Max Domi wins face-off versus Connor McDavid in NEW JERSEY Devils zone.
5:48 of 3rd period - Shot by Andrei Svechnikov.
5:48 of 3rd period - Shot Misses the Net.
5:50 of 3rd period - Shot by Anton Lindholm.
5:50 of 3rd period - Shot Misses the Net.
5:56 of 3rd period - Shot by William Nylander.
5:56 of 3rd period - Shot Misses the Net.
6:13 of 3rd period - Icing by Shayne Gostisbehere.
6:14 of 3rd period - Roope Hintz wins face-off versus Vitali Kravtsov in NEW JERSEY Devils zone.
6:14 of 3rd period - Roope Hintz is hit by Ross Colton.
6:21 of 3rd period - Shayne Gostisbehere is hit by Trevor Carrick and loses puck.
6:41 of 3rd period - Shot by Ross Colton.
6:41 of 3rd period - Shot Misses the Net.
6:43 of 3rd period - Shot by Ross Colton.
6:43 of 3rd period - Stopped by Tristan Jarry without a rebound.
6:44 of 3rd period - Connor McDavid wins face-off versus Cody Glass in NEW JERSEY Devils zone.
6:54 of 3rd period - Brett Kulak is hit by Brad Marchand and loses puck.
6:59 of 3rd period - Shot by Kirby Dach.
6:59 of 3rd period - Stopped by Jonathan Quick without a rebound.
7:00 of 3rd period - William Nylander wins face-off versus Christian Dvorak in PITTSBURGH Penguins zone.
7:00 of 3rd period - William Nylander is hit by Sean Kuraly.
7:23 of 3rd period - Icing by Anton Lindholm.
7:24 of 3rd period - William Nylander wins face-off versus Cody Glass in PITTSBURGH Penguins zone.
7:47 of 3rd period - Shot by Gustav Nyquist.
7:47 of 3rd period - Shot Misses the Net.
7:50 of 3rd period - Adam Larsson and Cody Glass fight to a draw.
7:50 of 3rd period - Penalty to Adam Larsson for Fighting.
7:50 of 3rd period - Penalty to Cody Glass for Fighting.
7:51 of 3rd period - Connor McDavid wins face-off versus Anton Lundell in NEW JERSEY Devils zone.
8:31 of 3rd period - Jack Johnson is hit by Brad Marchand and loses puck.
8:37 of 3rd period - Icing by Max Domi.
8:38 of 3rd period - William Nylander wins face-off versus Anton Lundell in NEW JERSEY Devils zone.
8:53 of 3rd period - Shot by Andrei Svechnikov.
8:53 of 3rd period - Stopped by Tristan Jarry without a rebound.
8:54 of 3rd period - Trevor Zegras wins face-off versus Ross Colton in NEW JERSEY Devils zone.
9:17 of 3rd period - Shot by Trevor Zegras.
9:17 of 3rd period - Stopped by Jonathan Quick without a rebound.
9:18 of 3rd period - Trevor Zegras wins face-off versus Connor McDavid in PITTSBURGH Penguins zone.
9:45 of 3rd period - Shot by Trevor Zegras.
9:45 of 3rd period - Shot Misses the Net.
9:50 of 3rd period - Will Butcher is hit by Daniel Sprong and loses puck.
9:54 of 3rd period - Off-side.
9:55 of 3rd period - Anton Lundell wins face-off versus William Nylander in neutral zone.
11:16 of 3rd period - Shot by Brad Marchand.
11:16 of 3rd period - Shot Blocked by Jack Johnson.
12:02 of 3rd period - Shot by Alexander Barabanov.
12:02 of 3rd period - Stopped by Tristan Jarry with a rebound.
12:41 of 3rd period - Ross Colton is hit by Nail Yakupov and loses puck.
13:12 of 3rd period - Shot by Andrei Svechnikov.
13:12 of 3rd period - Deflect By Gustav Nyquist.
13:12 of 3rd period - Shot Misses the Net.
13:59 of 3rd period - Charlie Coyle is hit by Adam Larsson and loses puck.
14:12 of 3rd period - Shot by Max Domi.
14:12 of 3rd period - Shot Misses the Net.
14:14 of 3rd period - Shot by Charlie Coyle.
14:14 of 3rd period - Shot Misses the Net.
14:16 of 3rd period - Shot by Anton Lundell.
14:16 of 3rd period - Stopped by Jonathan Quick without a rebound.
14:17 of 3rd period - Justin Kloos wins face-off versus Cody Glass in PITTSBURGH Penguins zone.
14:37 of 3rd period - Cody Glass is hit by Milan Lucic and loses puck.
15:04 of 3rd period - Shot by Alexander Barabanov.
15:04 of 3rd period - Shot Blocked by Cody Glass.
15:06 of 3rd period - Shot by Vitali Kravtsov.
15:06 of 3rd period - Shot Misses the Net.
15:43 of 3rd period - Shot by Oliver Bjorkstrand .
15:43 of 3rd period - Shot Misses the Net.
15:45 of 3rd period - Shot by Adam Larsson.
15:45 of 3rd period - Shot Misses the Net.
17:01 of 3rd period - Shayne Gostisbehere is hit by Trevor Carrick.
17:22 of 3rd period - Icing by Kevin Connauton.
17:23 of 3rd period - Alexander Barabanov wins face-off versus Christian Dvorak in PITTSBURGH Penguins zone.
18:07 of 3rd period - Icing by Jordan Harris.
18:08 of 3rd period - Christian Dvorak wins face-off versus William Nylander in NEW JERSEY Devils zone.
18:08 of 3rd period - Christian Dvorak is hit by Andrei Svechnikov.
18:40 of 3rd period - Shot by Trevor Zegras.
18:40 of 3rd period - Stopped by Jonathan Quick without a rebound.
18:41 of 3rd period - Connor McDavid wins face-off versus Anton Lundell in PITTSBURGH Penguins zone.
18:41 of 3rd period - Connor McDavid is hit by Charlie Coyle.
19:13 of 3rd period - Shot by Max Domi.
19:13 of 3rd period - Stopped by Jonathan Quick without a rebound.
19:14 of 3rd period - Trevor Zegras wins face-off versus William Nylander in PITTSBURGH Penguins zone.
19:43 of 3rd period - Roope Hintz is hit by Adam Larsson.
Goals for this period are 0 for NEW JERSEY Devils vs 0 for PITTSBURGH Penguins.
Shots for this period are 6 for NEW JERSEY Devils vs 11 for PITTSBURGH Penguins.

Overtime #1


0:01 of 1st overtime period - Christian Dvorak wins face-off versus Ross Colton in neutral zone.
0:29 of 1st overtime period - Shot by Daniel Sprong.
0:29 of 1st overtime period - Stopped by Jonathan Quick without a rebound.
0:30 of 1st overtime period - Ross Colton wins face-off versus Troy Terry in PITTSBURGH Penguins zone.
1:19 of 1st overtime period - Shot by Alexander Barabanov.
1:19 of 1st overtime period - Goal by Alexander Barabanov - NEW JERSEY Devils : 4 - PITTSBURGH Penguins : 5.
Goals for this period are 0 for NEW JERSEY Devils vs 1 for PITTSBURGH Penguins.
Shots for this period are 1 for NEW JERSEY Devils vs 1 for PITTSBURGH Penguins.